 Dungeon Crawl Stone Soup version 0.20-a0-61-ga1b20b4 (webtiles) character file.

16950 Faca the Blocker (level 12, -1/100 HPs)
             Began as a Formicid Fighter on Nov 18, 2016.
             Was an Elder of Trog.
             Slain by Frances
             ... wielding a cursed +0 glaive
              (5 damage)
             ... on level 12 of the Dungeon.
             The game lasted 01:34:21 (13788 turns).

Faca the Blocker (Formicid Fighter)                Turns: 13788, Time: 01:34:22

Health: -1/100     AC: 19    Str: 26    XL:     12   Next: 76%
Magic:  12/12      EV:  7    Int:  8    God:    Trog [****..]
Gold:   609        SH: 14    Dex: 14    Spells: 0 memorised, 11 levels left

rFire  . . .     SeeInvis +     a - +1 war axe
rCold  . . .     Gourm    .     n - +0 plate armour
rNeg   . . .     Faith    .     c - +1 shield
rPois  +         Spirit   .     (helmet unavailable)
rElec  .         Reflect  .     v - +0 cloak {rPois}
rCorr  .         Harm     .     y - +0 pair of gloves
MR     +....                    i - +0 pair of boots
Stlth  ..........               (no amulet)
                                (no ring)
                                B - +4 ring of strength

@: no status effects
A: permanent stasis, dig shafts and tunnels, four strong arms, antennae 3
a: Dig, Shaft Self, Trog's Hand, Brothers in Arms, Burn Spellbooks, Renounce
Religion


You were on level 12 of the Dungeon.
You worshipped Trog.
Trog was greatly pleased with you.
You were not hungry.

You visited 2 branches of the dungeon, and saw 13 of its levels.

You collected 609 gold pieces.

Inventory:

Hand Weapons
 a - a +1 war axe (weapon)
 g - a +0 scimitar of flaming
Armour
 c - a +1 shield (worn)
 i - a +0 pair of boots (worn)
 n - a +0 plate armour (worn)
 v - a +0 cloak of poison resistance (worn)
 y - a +0 pair of gloves (worn)
Jewellery
 B - a +4 ring of strength (left hand)
Wands
 C - a wand of disintegration (11/24)
 D - a wand of flame (27/48)
Scrolls
 h - 6 scrolls of fog
 l - 2 scrolls of remove curse
 m - 2 scrolls of identify
 o - a scroll of enchant armour
 q - 2 scrolls of magic mapping
 u - a scroll of fear
 w - a scroll of enchant weapon
 z - 3 scrolls of recharging
Potions
 d - a potion of might
 e - 4 potions of curing
 f - a potion of cure mutation {unknown}
 j - 2 potions of invisibility {unknown}
 k - 2 potions of heal wounds
 p - a potion of degeneration {unknown}
 r - 3 potions of lignification {unknown}
 s - a potion of magic {unknown}
 t - a potion of mutation {unknown}
 A - a potion of berserk rage {unknown}
Comestibles
 b - 3 meat rations
 x - a royal jelly


   Skills:
 + Level 11.4 Fighting
 + Level 10.3 Axes
 + Level 11.3 Armour
 + Level 12.3 Shields


You had 11 spell levels left.
You didn't know any spells.

Dungeon Overview and Level Annotations

Branches:
Dungeon (12/15)            Temple (0/1) D:7            Lair (0/6) D:9
    Orc (1/2) D:10

Altars:
Elyvilon
Fedhas
Gozag
Hepliaklqana
Makhleb
Nemelex Xobeh
Qazlal
Ru
Trog
Vehumet
Xom
Yredelemnul
Zin
The Shining One

Shops:
D:7 !

Portals:
Trove: D:10 (give +4 ice dragon scales)

Annotations:
D:12 Frances


Innate Abilities, Weirdness & Mutations

You are under a permanent stasis effect.
You can dig through walls and to a lower floor.
Your four strong arms can wield two-handed weapons with a shield.
You have a pair of large antennae on your head. (SInv)


Message History

Frances hits you with a glaive! The sun demon hits you!
You are engulfed in flames!
You hit the sun demon.
The sun demon is lightly wounded.
You hit Frances. You block the sun demon's attack.
Frances whispers indecipherable words.
You block the shard of ice.
You slash the sun demon!
The sun demon is moderately wounded.
You slash Frances! The sun demon hits you!
You are engulfed in flames!!
* * * LOW HITPOINT WARNING * * *
Frances whispers indecipherable words.
The iron shot hits you!
* * * LOW HITPOINT WARNING * * *
You block the ice beast's attack.
You completely miss the sun demon.
The sun demon is moderately wounded.
You hit Frances. You closely miss the ice beast.
The sun demon barely misses you. Frances hits you with a glaive.
You die...

.. .. { ..
.# #####.#
...#3#
.######Y#@#
.......3@.#
###########
{


You could see Frances, a sun demon, a sixfirhy and an ice beast.

Vanquished Creatures
  Gastronok (D:9)
  A hydra (D:11)
  Erica (D:9)
  The ghost of charan the Geomancer, a journeyman GrEE of Sif Muna (D:11)
  Pikel (D:5)
  3 hill giants
  3 cyclopes
  An elephant (D:9)
  A manticore (D:11)
  4 trolls
  2 two-headed ogres
  A hornet (D:9)
  2 hippogriffs
  A vampire (D:9)
  6 yaks
  A wraith (D:10)
  A steam dragon (D:11)
  A wyvern (D:11)
  A hungry ghost (D:9)
  A warg (D:9)
  A basilisk (D:9)
  A mottled dragon (D:11)
  A water moccasin (D:7)
  Duvessa (D:7)
  3 phantoms
  2 sky beasts
  5 orc warriors
  5 black bears
  7 ogres
  An eye of draining (D:8)
  4 centaurs
  A crocodile (D:9)
  4 big kobolds
  A gnoll sergeant (D:3)
  4 bullfrogs
  3 scorpions (D:7)
  Dowan (D:7)
  6 killer bees (D:11)
  A jelly (D:11)
  3 howler monkeys (D:7)
  3 centaur zombies
  3 crimson imps
  A bullfrog zombie (D:11)
  2 hounds
  A centaur skeleton (D:6)
  Crazy Yiuf (D:6)
  9 orc priests
  3 bullfrog skeletons
  17 orc wizards
  Ijyb (D:4)
  4 iguanas
  12 worker ants
  A killer bee zombie (D:6)
  A hound skeleton (D:4)
  A worker ant zombie (D:8)
  7 gnolls
  15 adders
  2 shadow imps
  2 oozes
  An adder skeleton (D:7)
  An adder zombie (D:5)
  8 leopard geckos
  72 orcs
  2 giant cockroaches
  10 goblins
  5 hobgoblins
  3 quokkas
  2 bats (D:1)
  2 frilled lizards
  23 kobolds
  A leopard gecko zombie (D:5)
  2 rats (D:1)
307 creatures vanquished.

Vanquished Creatures (others)
  A centaur (D:5)
  A howler monkey (D:5)
  An orc (D:9)
3 creatures vanquished.

Grand Total: 310 creatures vanquished

Notes
Turn   | Place    | Note
-------+----------+-------------------------------------------
     0 | D:1      | Faca the Formicid Fighter began the quest for the Orb.
     0 | D:1      | Reached XP level 1. HP: 18/18 MP: 1/1
    80 | D:1      | Reached XP level 2. HP: 22/24 MP: 2/2
   407 | D:1      | Reached skill level 4 in Shields
   409 | D:1      | Reached XP level 3. HP: 29/29 MP: 3/3
   519 | D:1      | You fall through a shaft!
  1950 | D:3      | Reached XP level 4. HP: 33/37 MP: 4/4
  2002 | D:3      | Noticed a sky beast
  2008 | D:3      | Killed a sky beast
  2008 | D:3      | Reached XP level 5. HP: 30/42 MP: 5/5
  2098 | D:3      | Found a faded altar of an unknown god.
  2385 | D:4      | Reached XP level 6. HP: 46/48 MP: 6/6
  2406 | D:4      | Reached skill level 5 in Shields
  2794 | D:4      | Reached skill level 5 in Armour
  2794 | D:4      | Reached XP level 7. HP: 48/55 MP: 7/7
  2901 | D:3      | Reached skill level 5 in Fighting
  3092 | D:4      | Noticed Ijyb
  3114 | D:4      | Killed Ijyb
  3178 | D:5      | Entered Level 5 of the Dungeon
  3184 | D:5      | Reached skill level 6 in Shields
  3397 | D:5      | Noticed Pikel
  3425 | D:5      | Killed Pikel
  3425 | D:5      | Reached skill level 5 in Axes
  3425 | D:5      | Reached skill level 7 in Shields
  3425 | D:5      | Reached XP level 8. HP: 40/64 MP: 8/8
  3436 | D:5      | Found a shimmering altar of Xom.
  4124 | D:6      | Found a runed door.
  4128 | D:6      | Noticed Crazy Yiuf
  4134 | D:6      | Killed Crazy Yiuf
  4694 | D:7      | Found Qoanyezergh's Distillery.
  4815 | D:7      | Noticed Dowan
  4835 | D:7      | Killed Dowan
  4835 | D:7      | Reached XP level 9. HP: 67/70 MP: 9/9
  5061 | D:7      | Found a radiant altar of Vehumet.
  5065 | D:7      | Found a hazy altar of Hepliaklqana.
  5068 | D:7      | Found a stormy altar of Qazlal.
  5078 | D:7      | Found a glowing silver altar of Zin.
  5079 | D:7      | Found a blossoming altar of Fedhas.
  5079 | D:7      | Found a sparkling altar of Nemelex Xobeh.
  5079 | D:7      | Found an opulent altar of Gozag.
  5081 | D:7      | Found a bloodstained altar of Trog.
  5083 | D:7      | Found a white marble altar of Elyvilon.
  5084 | D:7      | Found a sacrificial altar of Ru.
  5089 | D:7      | Became a worshipper of Trog the Wrathful
  5142 | D:7      | Reached skill level 8 in Shields
  5214 | D:7      | Noticed Duvessa
  5264 | D:7      | Killed Duvessa
  5509 | D:7      | Found a staircase to the Ecumenical Temple.
  5658 | D:7      | Noticed a two-headed ogre
  5669 | D:7      | Killed a two-headed ogre
  6041 | D:7      | Found a faded altar of an unknown god.
  6041 | D:7      | Found a burning altar of Makhleb.
  6047 | D:7      | Found a faded altar of an unknown god.
  6056 | D:7      | Found a faded altar of an unknown god.
  6057 | D:7      | Found a basalt altar of Yredelemnul.
  6206 | D:8      | Reached XP level 10. HP: 75/80 MP: 10/10
  6283 | D:8      | Reached skill level 9 in Shields
  6413 | D:8      | Reached * piety under Trog
  6477 | D:9      | Noticed a cyclops
  6633 | D:9      | Killed a cyclops
  6777 | D:9      | Found a staircase to the Lair.
  6778 | D:9      | Noticed an elephant
  6813 | D:9      | Killed an elephant
  7382 | D:9      | Noticed a hill giant
  7394 | D:9      | Killed a hill giant
  7394 | D:9      | Reached skill level 10 in Shields
  7683 | D:9      | Noticed Erica
  7716 | D:9      | Killed Erica
  7716 | D:9      | Reached ** piety under Trog
  7716 | D:9      | Reached XP level 11. HP: 30/89 MP: 11/11
  8696 | D:9      | Noticed Gastronok
  8786 | D:9      | Killed Gastronok
  8786 | D:9      | Reached skill level 10 in Fighting
  8888 | D:9      | Reached skill level 10 in Armour
  8934 | D:9      | Reached *** piety under Trog
  8998 | D:9      | Reached skill level 11 in Shields
  9022 | D:10     | Entered Level 10 of the Dungeon
  9576 | D:10     | Found a staircase to the Orcish Mines.
 10355 | D:10     | Reached **** piety under Trog
 10725 | D:10     | Found a portal to a secret trove of treasure.
 10728 | D:10     | Noticed a hill giant
 10732 | D:10     | Found a glowing golden altar of the Shining One.
 10742 | D:10     | Killed a hill giant
 10742 | D:10     | Reached XP level 12. HP: 64/98 MP: 12/12
 10998 | Orc:1    | Entered Level 1 of the Orcish Mines
 11023 | Orc:1    | Noticed an orc warlord
 11339 | D:11     | Noticed charan's ghost (journeyman GrEE)
 12393 | D:11     | Noticed a six-headed hydra
 12410 | D:11     | Killed a one-headed hydra
 12410 | D:11     | Reached skill level 10 in Axes
 12410 | D:11     | Reached skill level 12 in Shields
 12969 | D:11     | Killed charan's ghost
 13781 | D:12     | Noticed Frances
 13783 | D:12     | Noticed a sixfirhy
 13783 | D:12     | Noticed a sun demon
 13787 | D:12     | HP: 4/100 [Frances/iron shot (14)]
 13788 | D:12     | Slain by Frances

Vault maps used:
D:1:      roderic_crop_circles_arrival_small
D:2:      kennysheep_generic_room_4
D:3:      ecumenical_altar_2
D:4:      kennysheep_the_goblin_king
D:5:      first_bread, basic_altar, uniq_pikel
D:6:      hangedman_decor_diamond_cutter, grunt_decor_one_mirror,
          uniq_crazy_yiuf_cottage
D:7:      minitemple, chequers_temple_overflow_minitemple, serial_shops, shop,
          uniq_duvessa
D:9:      david_lair_generic, uniq_gastronok, uniq_erica
D:10:     erik_orc_4, enter_trove_2, basic_altar
D:12:     uniq_frances, uniq_erolcha
Orc:1:    uniq_nergalle

Skill      XL: |  1  2  3  4  5  6  7  8  9 10 11 12 |
---------------+-------------------------------------+-----
Shields        | 4 5 7 8 10 11 12 | 12.3
Fighting       | 4 5 6 7 9 10 11 | 11.4
Axes           | 3 5 6 8 9 10 | 10.3
Armour         | 4 5 6 7 9 10 11 | 11.3

Action                   |  1- 3 |  4- 6 |  7- 9 | 10-12 || total
-------------------------+-------+-------+-------+-------++-------
Melee: War axe           |    95 |   103 |   354 |   796 ||  1348
       Scimitar          |       |       |       |     9 ||     9
Invok: Burn Spellbooks   |       |       |       |     3 ||     3
 Abil: Dig               |       |       |     1 |       ||     1
  Use: Scroll            |     6 |     3 |     3 |     5 ||    17
       Potion            |     1 |       |     1 |     6 ||     8
  Eat: Bread ration      |     1 |     1 |     2 |     5 ||     9
       Beef jerky        |       |       |     1 |       ||     1
       Meat ration       |       |       |       |     2 ||     2
Armor: Scale mail        |     9 |       |    26 |       ||    35
       Chain mail        |    39 |    43 |    35 |       ||   117
       Plate armour      |       |       |   105 |   414 ||   519
Dodge: Dodged            |    22 |    18 |    93 |   173 ||   306
Block: Shield            |    51 |    53 |   237 |   623 ||   964
       Rpst.: Scimitar   |       |       |       |     2 ||     2
